 Dungeon Sprint DCSS version 0.22.1-1-ga44c0e56f4 (webtiles) character file.

103 KleinerIrrer the Martial Artist (level 4, -6/35 HPs)
             Began as a Draconian Transmuter on Nov 2, 2018.
             Mangled by a water elemental (19 damage)
             ... in the Dungeon (Sprint III: "The Ten Rune Challenge").
             The game lasted 00:01:57 (440 turns).

KleinerIrrer the Martial Artist (DrTm)               Turns: 440, Time: 00:01:58

Health: -6/35      AC:  5    Str: 11 (12) XL:     4   Next: 51%
Magic:  6/7        EV: 12    Int: 14 (15) God:
Gold:   19         SH:  0    Dex: 13      Spells: 6/7 levels left

rFire    . . .     SeeInvis .     - Unarmed
rCold    . . .     Gourm    .   (no shield)
rNeg     . . .     Faith    .   (armour unavailable)
rPois    .         Spirit   .   (helmet restricted)
rElec    .         Reflect  .   (no cloak)
rCorr    .         Harm     .   (no gloves)
MR       .....     Clarity  +   (no boots) Stlth +.........NoTele +
                                (no amulet)
HPRegen  0.11/turn              (no ring)
MPRegen  0.10/turn              (no ring)

@: appendage, engulfed (cannot breathe)
A: unfitting armour, big wings, horns 2, clarity, clever 1, deterioration 1,
cold-blooded, AC +5
a: Fly, End Transformation


You were in the Dungeon.
You were not hungry.
You had grown temporary horns.
You visited 1 branch You collected 19 gold pieces.

Inventory:

Missiles
 a - 12 arrows
Wands
 j - a wand of digging (13)
Scrolls
 b - 2 scrolls of identify
 i - a scroll of blinking
 m - 2 scrolls of holy word
 n - a scroll of random uselessness
Potions
 d - a potion of curing
 e - a potion of heal wounds
 f - a potion of haste
 g - 2 potions of magic
 h - 2 potions of berserk rage
 o - 3 potions of flight
Comestibles
 c - 3 rations
 k - 6 chunks of flesh


   Skills:
 - Level 1.1 Fighting
 - Level 1.7 Dodging
 + Level 9.5 Unarmed Combat
 - Level 2.0 Spellcasting
 - Level 2.0 Transmutations


You had 6 spell levels left.
You knew the following spells:

 Your Spells              Type           Power        Failure   Level  Hunger
a - Beastly Appendage     Tmut           #.....       11%         1    ##.....

Your spell library contained the following spells:

 Spells                   Type           Power        Failure   Level  Hunger
 Sticks to Snakes         Tmut           #.......     16%         2    ###....
 Spider Form              Tmut/Pois      #.........   43%         3    ####...
 Ice Form                 Ice/Tmut       #.......     83%         4    #####..
 Blade Hands              Tmut           #.........   96%         5    ######.


Dungeon Overview and Level Annotations

Branches:
Dungeon (1/1)

Altars:


Innate Abilities, Weirdness & Mutations

Your plain brown scales are hard. (AC +5)
You cannot fit into any form of body armour.
You are cold-blooded and may be slowed by cold attacks.
Your large and strong wings let you fly indefinitely.
You have a pair of horns on your head.
You possess an exceptional clarity of mind.
Your mind is acute. (Int +2)
Your body sometimes deteriorates upon taking damage.


Message History

You feel extremely strange.
Your hooves look more like feet.
Your hooves expand and flesh out into feet!
You feel clever.
You feel robust.
Your thoughts seem clearer.
Your wings grow larger and stronger.
There is an open door here.
You open the door.
A water elemental comes into view.
Casting: Beastly Appendage (safe; 10% risk of failure)
Confirm with . or Enter, or press ? or * to list all spells.
You grow a pair of large bovine horns.
You hit the water elemental but do no damage.
The water elemental hits you!
Your body deteriorates!
You feel dopey.
The water elemental engulfs you in water!
You closely miss the water elemental.
Your body deteriorates!
You feel weakened.
Your lungs strain for air!
The water elemental hits you!!
Ouch! That really hurt!
You die...

▓▓▓▓▓▓▓▓ ▓▓▓ <..#...####
##.# ...#......#####..#
..##.......#..#..#
##.##.##...#..#..# #+#+#
##.##.###[.##'#..#......
#.####.##..###..@E.⌠....
.###..##..####...#...###
#.....##..###....# ⌠.#
###..##...##.....# .#
##..##....#†.....# #
#..###..##.#.....# #(.#
#..#####....# ▓▓▓▓ ▓▓▓▓
▓▓▓▓▓▓


You could see a water elemental.

Vanquished Creatures
  A scorpion (D)
  Jessica (D)
  A human (D)
  2 oozes (D)
  A rat (D)
6 creatures vanquished.

Vanquished Creatures (others)
  2 draconian scorchers (D)
  6 hellions (D)
  2 yaktaurs (D)
10 creatures vanquished.

Grand Total: 16 creatures vanquished

Notes
Turn   | Place    | Note
-------+----------+-------------------------------------------
     0 | D        | KleinerIrrer the Draconian Transmuter began the quest for
                  | the Orb.
     0 | D        | Reached XP level 1. HP: 16/16 MP: 3/3
    11 | D        | Reached skill level 4 in Unarmed Combat
    83 | D        | Killed a hellion
   104 | D        | Reached skill level 5 in Unarmed Combat
   104 | D        | Reached XP level 2. HP: 17/23 MP: 5/5
   142 | D        | Killed a hellion
   143 | D        | Killed a hellion
   143 | D        | Killed a hellion
   157 | D        | Killed a white draconian scorcher
   166 | D        | Killed a hellion
   180 | D        | Killed a hellion
   207 | D        | Noticed Jessica
   213 | D        | Killed Jessica
   213 | D        | Reached skill level 7 in Unarmed Combat
   213 | D        | Reached XP level 3. HP: 28/28 MP: 4/6
   305 | D        | Killed a yaktaur
   318 | D        | Killed a white draconian scorcher
   392 | D        | Noticed a scorpion
   395 | D        | Killed a yaktaur
   398 | D        | Killed a scorpion
   398 | D        | Reached skill level 9 in Unarmed Combat
   398 | D        | Reached XP level 4. HP: 35/35 MP: 5/7
   430 | D        | Gained mutation: You are weak. (Str -2) [potion of
                  | mutation]
   430 | D        | Gained mutation: Your large and strong wings let you fly
                  | indefinitely. [potion of mutation]
   430 | D        | Gained mutation: Scrolls take you a little longer to read.
                  | [potion of mutation]
   430 | D        | Gained mutation: You have large cloven feet. [potion of
                  | mutation]
   431 | D        | Lost mutation: Scrolls take you a little longer to read.
                  | [potion of mutation]
   431 | D        | Lost mutation: You are weak. (Str -2) [potion of mutation]
   431 | D        | Lost mutation: Your large and strong wings let you fly
                  | indefinitely. [potion of mutation]
   431 | D        | Gained mutation: Your body sometimes deteriorates upon
                  | taking damage. [potion of mutation]
   431 | D        | Gained mutation: You are frail. (-10% HP) [potion of
                  | mutation]
   431 | D        | Gained mutation: You have hoof-like feet. [potion of
                  | mutation]
   432 | D        | Lost mutation: You have hoof-like feet. [potion of
                  | mutation]
   432 | D        | Lost mutation: You have large cloven feet. [potion of
                  | mutation]
   432 | D        | Gained mutation: Your mind is acute. (Int +2) [potion of
                  | mutation]
   432 | D        | Lost mutation: You are frail. (-10% HP) [potion of
                  | mutation]
   432 | D        | Gained mutation: You possess an exceptional clarity of
                  | mind. [potion of mutation]
   432 | D        | Gained mutation: Your large and strong wings let you fly
                  | indefinitely. [potion of mutation]
   437 | D        | Noticed a water elemental
   440 | D        | Mangled by a water elemental

Skill      XL: |  1  2  3 |
---------------+----------+-----
Unarmed Combat | 5 7 9 |  9.5
Fighting       | |  1.1
Dodging        | |  1.7
Spellcasting   | |  2.0
Transmutations | |  2.0

Action                   |  1- 3 |  4- 6 || total
-------------------------+-------+-------++-------
Melee: Unarmed           |    22 |     2 ||    24
       Tailslap          |     1 |       ||     1
       Headbutt          |     1 |       ||     1
 Cast: Beastly Appendage |     3 |     1 ||     4
  Use: Scroll            |       |     3 ||     3
       Potion            |       |     3 ||     3
 Stab: Sleeping          |     1 |       ||     1
Armor: Skin              |     2 |       ||     2
Dodge: Dodged            |     6 |       ||     6
